 Dungeon Crawl Stone Soup version 0.31.0-12-g77e489cdc1 (webtiles) character file.

Game seed: 12164545224222851800

151 Jerry the Shield-Bearer (level 5, 0/53 HPs)
             Began as a Troll Fighter on Feb 17, 2024.
             Slain by an orc warrior
             ... wielding a +0 scimitar
              (4 damage)
             ... on level 4 of the Dungeon.
             The game lasted 00:07:59 (2663 turns).

Jerry the Shield-Bearer (Troll Fighter)             Turns: 2663, Time: 00:07:59

Health: 0/53       AC:  4    Str: 24    XL:     5   Next: 11%
Magic:  4/4        EV:  9    Int:  6    God:
Gold:   272        SH:  9    Dex:  9    Spells: 4/4 levels left

rFire   . . .        l - +0 whip (freeze)
rCold   . . .        c - +1 kite shield
rNeg    . . .        b - +0 robe
rPois   .            (helmet restricted)
rElec   .            (no cloak)
rCorr   .            (gloves unavailable)
SInv    .            (boots unavailable)
Will    .....        (no amulet)
Stlth   +            (no ring)
HPRegen 1.08/turn    (no ring)
MPRegen 0.09/turn

%: no passive effects
@: no status effects
A: large, unfitting armour, claws 3, regeneration 1, shaggy fur 1, tough skin 1
a: no special abilities


You were on level 4 of the Dungeon.
You visited 1 branch of the dungeon, and saw 4 of its levels.

You collected 272 gold pieces.

Inventory:

Hand Weapons
 l - a +0 whip of freezing (weapon)
Missiles
 i - 4 large rocks (quivered)
Armour
 b - a +0 robe (worn)
 c - a +1 kite shield (worn)
Wands
 n - a wand of light (13)
 o - a wand of flame (15)
Scrolls
 a - 3 scrolls of teleportation
 h - a scroll of identify
 j - a scroll of poison
Potions
 e - 2 potions of attraction {unknown}
 f - a potion of brilliance {unknown}
 g - a potion of invisibility {unknown}
 k - a potion of cancellation {unknown}
 m - 2 potions of curing {unknown}


   Skills:
 - Level 3.0 Fighting
 + Level 2.7 Maces & Flails
 + Level 1.5 Throwing
 + Level 3.1 Dodging
 + Level 3.3 Shields


You had 4 spell levels left.
You didn't know any spells.
Your spell library was empty.

Dungeon Overview and Level Annotations

Branches:
Dungeon (4/15)
 Temple: D:4-7

Altars:
Makhleb


Innate Abilities, Weirdness & Mutations

You are too large for most types of armour.
You have claws for hands.
Your natural rate of healing is unusually fast.
You are covered in fur. (AC +1)
You have tough skin. (AC +1)


Message History

You kill the orc!
You block the orc's attack.
Things that are here:
a +0 dagger; an orc corpse You hit the orc.
You freeze the orc.
You kill the orc!
You block the orc's attack.
You hit the orc. You freeze the orc.
The orc is almost dead.
The orc barely misses you.
There is an open door here.
You block the orc's attack.
There is an open door here.
You hit the orc but do no damage.
The orc is almost dead.
You block the orc's attack.
You hit the orc warrior. You freeze the orc warrior.
The orc warrior is moderately wounded.
You hit the orc warrior but do no damage.
The orc warrior is moderately wounded.
The orc warrior hits you with a +0 scimitar!
You closely miss the orc warrior.
The orc warrior is moderately wounded.
The orc warrior hits you with a +0 scimitar!
You barely miss the orc warrior.
The orc warrior is moderately wounded.
The orc warrior hits you with a +0 scimitar!
You feel much better.
The orc warrior hits you with a +0 scimitar!
You barely miss the orc warrior.
The orc warrior is moderately wounded.
The orc warrior hits you with a +0 scimitar!
You closely miss the orc warrior.
The orc warrior is moderately wounded.
The orc warrior hits you with a +0 scimitar!!
* * * LOW HITPOINT WARNING * * *
You barely miss the orc warrior.
The orc warrior is moderately wounded.
The orc warrior hits you with a +0 scimitar.
You die...

#...........#
#.......
........####
#.##..##
........######
#.....#
#####........#
####.##
#........# #.
.######........#
#.
...............#
##
..#####.....(..#
###@###### #o#
#oo.# #...#
#...# #.).#
....# #...#
#.$_..#.##...#


You could see an orc warrior and 2 orcs.

Vanquished Creatures
  A bombardier beetle (D:4)
  An orc wizard (D:3)
  Natasha (D:2)
  2 adders
  11 orcs
  4 ball pythons
  3 bats
  2 endoplasms (D:3)
  2 giant cockroaches
  A hobgoblin (D:3)
  5 jackals
  4 kobolds
  2 quokkas
  2 frilled lizards
  2 goblins
  4 rats
47 creatures vanquished.

Notes
Turn   | Place    | Note
-------+----------+-------------------------------------------
     0 | D:1      | Jerry the Troll Fighter began the quest for the Orb.
     0 | D:1      | Reached XP level 1. HP: 22/22 MP: 0/0
   308 | D:1      | Reached XP level 2. HP: 23/29 MP: 1/1
  1155 | D:2      | Identified the +1 cloak "Ziq Xoym" {-Cast rPois rF+ rN++}
  1360 | D:2      | Reached XP level 3. HP: 27/36 MP: 2/2
  1443 | D:2      | Noticed Natasha
  1444 | D:2      | Killed Natasha
  1933 | D:3      | Reached skill level 1 in Throwing
  1933 | D:3      | Reached XP level 4. HP: 12/44 MP: 3/3
  2555 | D:4      | Noticed an orc warrior
  2555 | D:4      | Found a burning altar of Makhleb.
  2640 | D:4      | Reached XP level 5. HP: 53/53 MP: 4/4
  2663 | D:4      | Slain by an orc warrior

Illustrated notes

Levels and vault maps discovered:
D:1:      dpeg_arrival_signposts, layout_basic, minmay_split_cup_large
D:2:      layout_loops_corners, nrook_loot_triangle, uniq_natasha
D:3:      layout_loops_cross
D:4:      layout_basic, amcnicky_altar_gilded, serial_shops, shop

Skill      XL: |  1  2  3  4 |
---------------+-------------+-----
Maces & Flails | 2 |  2.7
Shields        | 3 |  3.3
Throwing       | 1 |  1.5
Fighting       | 3 |  3.0
Dodging        | 3 |  3.1

Action                     |  1- 3 |  4- 6 || total
---------------------------+-------+-------++-------
  Melee: Flail             |    35 |       ||    35
         Whip              |    87 |    63 ||   150
  Throw: Large rock        |     1 |       ||     1
    Use: Potion            |     1 |     1 ||     2
         Scroll            |       |     4 ||     4
 Armour: Robe              |    99 |    24 ||   123
  Dodge: Dodged            |    54 |    17 ||    71
  Block: Kite shield       |    65 |    19 ||    84
